[ PARTIDA AOE2 · #506022717 ]
UnrankedCumanos vs Sicilians
Equipo del jugador · VICT
Equipo rival · DERR
[ ANÁLISIS DE REPETICIÓN · EXTRAÍDO DE LA PARTIDA GRABADA ]
Feudal
9:56
Castillos
28:01
Imperial
—
| APM promedio | 50.9 |
| APM pico | 101 |
| eAPM promedio | 19.4 |
| Aldeanos / militares | 54 / 20 |
Foco
⚔️ 36.3% · 🌾 63.7%
Archer ×15 · Knight ×3 · Battering Ram ×2
Feudal
9:25
Castillos
24:22
Imperial
—
| APM promedio | 58.1 |
| APM pico | 84 |
| eAPM promedio | 26.4 |
| Aldeanos / militares | 63 / 24 |
Foco
⚔️ 15.5% · 🌾 84.5%
Serjeant ×21 · Mangonel ×3
Mapa de la partida
Recursos iniciales + cada clic de construcción. Líneas = muros · curvas = relieve. ◆ oro · ⬟ piedra · ● bayas · ✦ reliquia · ◌ hueco del cierre
Tu base· ✓ Cerrada en 28:01 · 20t muro · 2 puerta(s)
Base de Leo Javier· Abierta — hueco de 2t
Terreno inicial suavizado · ◌ = hueco del cierre detectado · pasá el cursor para detalles
Inputs por minuto
— executable - - Leo Javier
Build order — executable
Primeras 150 de 152 acciones detectadas
| 0:01 | Investigar | Loom |
| 0:02 | Encolar | Villager (Male) |
| 0:02 | Encolar | Villager (Male) |
| 0:11 | Construir | House |
| 0:21 | Encolar | Villager (Male) |
| 0:22 | Encolar | Villager (Male) |
| 0:22 | Encolar | Villager (Male) |
| 0:26 | Construir | House |
| 2:13 | Encolar | Villager (Male) |
| 2:38 | Encolar | Villager (Male) |
| 3:17 | Encolar | Villager (Male) |
| 3:17 | Encolar | Villager (Male) |
| 3:51 | Encolar | Villager (Male) |
| 4:09 | Encolar | Villager (Male) |
| 4:14 | Construir | House |
| 4:41 | Encolar | Villager (Male) |
| 4:58 | Encolar | Villager (Male) |
| 4:59 | Encolar | Villager (Male) |
| 5:18 | Encolar | Villager (Male) |
| 5:49 | Construir | Mill |
| 5:53 | Encolar | Villager (Male) |
| 6:19 | Construir | Lumber Camp |
| 6:41 | Encolar | Villager (Male) |
| 6:53 | Encolar | Villager (Male) |
| 7:46 | Investigar | Feudal Age |
| 8:39 | Construir | House |
| 9:48 | Encolar | Villager (Male) |
| 9:53 | Encolar | Villager (Male) |
| 9:56 | Edad | Edad Feudal |
| 9:57 | Investigar | Double-Bit Axe |
| 10:14 | Construir | Town Center |
| 10:39 | Construir | Palisade Wall |
| 10:44 | Construir | Palisade Wall |
| 10:47 | Construir | Palisade Wall |
| 10:57 | Encolar | Villager (Male) |
| 11:19 | Construir | Blacksmith |
| 11:21 | Encolar | Villager (Male) |
| 11:56 | Encolar | Villager (Male) |
| 12:15 | Construir | House |
| 12:19 | Construir | Mining Camp |
| 12:36 | Construir | House |
| 12:39 | Encolar | Villager (Male) |
| 12:54 | Construir | Siege Workshop |
| 13:01 | Encolar | Villager (Male) |
| 13:01 | Encolar | Villager (Male) |
| 13:44 | Construir | Palisade Gate |
| 13:48 | Construir | House |
| 14:22 | Encolar | Battering Ram |
| 14:23 | Encolar | Villager (Male) |
| 14:34 | Construir | House |
| 15:15 | Construir | Farm |
| 15:16 | Construir | Farm |
| 15:17 | Construir | Farm |
| 15:25 | Construir | House |
| 15:38 | Construir | Barracks |
| 15:50 | Encolar | Villager (Male) |
| 16:07 | Construir | Farm |
| 16:09 | Construir | Farm |
| 16:25 | Construir | Palisade Wall |
| 16:43 | Encolar | Villager (Male) |
| 16:46 | Construir | Farm |
| 16:52 | Construir | Archery Range |
| 17:19 | Encolar | Villager (Male) |
| 17:22 | Construir | Farm |
| 17:23 | Construir | Farm |
| 17:25 | Construir | Archery Range |
| 17:32 | Construir | Farm |
| 17:35 | Construir | Farm |
| 17:46 | Construir | House |
| 17:50 | Construir | Palisade Gate |
| 17:52 | Construir | Palisade Wall |
| 17:55 | Encolar | Villager (Male) |
| 17:58 | Encolar | Villager (Male) |
| 18:00 | Encolar | Archer |
| 18:20 | Encolar | Archer |
| 18:42 | Encolar | Archer |
| 18:42 | Encolar | Archer |
| 18:45 | Investigar | Gold Mining |
| 19:10 | Encolar | Villager (Male) |
| 19:10 | Encolar | Villager (Male) |
| 19:14 | Encolar | Archer |
| 19:15 | Encolar | Archer |
| 19:23 | Construir | House |
| 19:27 | Construir | House |
| 19:31 | Construir | House |
| 19:33 | Construir | Palisade Wall |
| 19:36 | Encolar | Archer |
| 19:37 | Encolar | Archer |
| 19:43 | Investigar | Fletching |
| 20:05 | Encolar | Archer |
| 20:05 | Encolar | Archer |
| 20:28 | Encolar | Villager (Male) |
| 20:41 | Construir | Farm |
| 20:42 | Construir | Farm |
| 21:33 | Encolar | Archer |
| 21:34 | Encolar | Archer |
| 21:34 | Encolar | Archer |
| 21:34 | Encolar | Villager (Male) |
| 21:35 | Encolar | Villager (Male) |
| 21:47 | Investigar | Wheelbarrow |
| 21:50 | Encolar | Villager (Male) |
| 21:52 | Construir | Farm |
| 21:53 | Construir | Farm |
| 21:53 | Construir | Farm |
| 21:54 | Construir | Farm |
| 21:54 | Construir | Farm |
| 21:55 | Construir | Farm |
| 21:57 | Construir | Farm |
| 22:04 | Investigar | Horse Collar |
| 22:05 | Encolar | Villager (Male) |
| 22:09 | Construir | House |
| 22:10 | Construir | House |
| 22:10 | Construir | House |
| 23:20 | Encolar | Villager (Male) |
| 23:20 | Encolar | Villager (Male) |
| 23:23 | Encolar | Villager (Male) |
| 23:23 | Encolar | Villager (Male) |
| 23:51 | Encolar | Villager (Male) |
| 23:52 | Encolar | Villager (Male) |
| 24:02 | Construir | Farm |
| 24:03 | Construir | Farm |
| 24:06 | Construir | Farm |
| 24:07 | Construir | Farm |
| 24:14 | Construir | Stable |
| 24:19 | Encolar | Villager (Male) |
| 24:19 | Encolar | Villager (Male) |
| 25:04 | Encolar | Archer |
| 25:04 | Encolar | Archer |
| 25:21 | Investigar | Castle Age |
| 25:38 | Investigar | Padded Archer Armor |
| 25:43 | Encolar | Villager (Male) |
| 26:11 | Construir | Archery Range |
| 26:23 | Encolar | Villager (Male) |
| 26:24 | Encolar | Villager (Male) |
| 26:41 | Encolar | Battering Ram |
| 26:47 | Construir | Stable |
| 26:48 | Construir | Stable |
| 26:54 | Encolar | Villager (Male) |
| 26:54 | Encolar | Villager (Male) |
| 26:58 | Investigar | Bloodlines |
| 27:01 | Investigar | Scale Barding Armor |
| 27:02 | Encolar | Villager (Male) |
| 27:03 | Encolar | Villager (Male) |
| 27:08 | Construir | House |
| 27:11 | Construir | House |
| 28:01 | Edad | Edad de los Castillos |
| 28:04 | Encolar | Knight |
| 28:07 | Encolar | Knight |
| 28:07 | Encolar | Knight |
| 28:24 | Investigar | Bow Saw |
Build order — Leo Javier
Primeras 150 de 164 acciones detectadas
| 0:09 | Encolar | Villager (Male) |
| 0:10 | Encolar | Villager (Male) |
| 0:10 | Encolar | Villager (Male) |
| 0:10 | Encolar | Villager (Male) |
| 0:10 | Encolar | Villager (Male) |
| 0:12 | Construir | House |
| 0:13 | Construir | House |
| 1:32 | Encolar | Villager (Male) |
| 1:32 | Encolar | Villager (Male) |
| 1:50 | Encolar | Villager (Male) |
| 1:50 | Encolar | Villager (Male) |
| 1:54 | Construir | Lumber Camp |
| 2:54 | Encolar | Villager (Male) |
| 2:54 | Encolar | Villager (Male) |
| 2:55 | Encolar | Villager (Male) |
| 2:55 | Encolar | Villager (Male) |
| 3:33 | Encolar | Villager (Male) |
| 3:33 | Encolar | Villager (Male) |
| 4:11 | Construir | House |
| 4:39 | Encolar | Villager (Male) |
| 4:39 | Encolar | Villager (Male) |
| 4:49 | Construir | Mill |
| 5:01 | Encolar | Villager (Male) |
| 5:01 | Encolar | Villager (Male) |
| 5:15 | Encolar | Villager (Male) |
| 5:16 | Encolar | Villager (Male) |
| 5:17 | Encolar | Villager (Male) |
| 5:17 | Encolar | Villager (Male) |
| 5:17 | Encolar | Villager (Male) |
| 5:38 | Encolar | Villager (Male) |
| 5:39 | Encolar | Villager (Male) |
| 5:39 | Encolar | Villager (Male) |
| 6:30 | Investigar | Loom |
| 7:15 | Investigar | Feudal Age |
| 7:21 | Construir | Mining Camp |
| 7:39 | Construir | House |
| 9:15 | Construir | Donjon |
| 9:25 | Edad | Edad Feudal |
| 9:28 | Encolar | Villager (Male) |
| 9:28 | Encolar | Villager (Male) |
| 9:31 | Investigar | Double-Bit Axe |
| 9:31 | Investigar | Double-Bit Axe |
| 9:35 | Construir | House |
| 9:46 | Construir | Mining Camp |
| 9:59 | Encolar | Villager (Male) |
| 10:02 | Encolar | Serjeant |
| 10:02 | Encolar | Serjeant |
| 10:16 | Construir | House |
| 10:38 | Encolar | Villager (Male) |
| 10:54 | Encolar | Serjeant |
| 11:13 | Encolar | Villager (Male) |
| 11:13 | Encolar | Villager (Male) |
| 11:13 | Encolar | Villager (Male) |
| 11:29 | Encolar | Villager (Male) |
| 11:32 | Construir | House |
| 12:15 | Construir | Mill |
| 12:17 | Encolar | Villager (Male) |
| 12:24 | Construir | Donjon |
| 12:31 | Encolar | Villager (Male) |
| 12:54 | Encolar | Villager (Male) |
| 13:13 | Construir | Lumber Camp |
| 13:23 | Construir | House |
| 13:26 | Encolar | Villager (Male) |
| 13:26 | Encolar | Villager (Male) |
| 14:03 | Construir | Donjon |
| 14:10 | Encolar | Villager (Male) |
| 14:32 | Encolar | Villager (Male) |
| 14:32 | Encolar | Villager (Male) |
| 14:40 | Construir | Farm |
| 14:48 | Construir | Stone Wall |
| 15:07 | Construir | Farm |
| 15:21 | Construir | House |
| 15:23 | Encolar | Villager (Male) |
| 15:23 | Encolar | Villager (Male) |
| 15:23 | Encolar | Villager (Male) |
| 15:32 | Construir | Mill |
| 15:38 | Encolar | Villager (Male) |
| 15:49 | Encolar | Villager (Male) |
| 15:49 | Encolar | Villager (Male) |
| 16:00 | Construir | Farm |
| 16:12 | Construir | Town Center |
| 16:24 | Encolar | Serjeant |
| 16:25 | Encolar | Serjeant |
| 16:34 | Construir | Mill |
| 16:38 | Construir | Farm |
| 16:54 | Construir | House |
| 16:54 | Construir | House |
| 17:21 | Encolar | Villager (Male) |
| 17:21 | Encolar | Villager (Male) |
| 17:45 | Encolar | Villager (Male) |
| 17:45 | Encolar | Villager (Male) |
| 17:58 | Construir | House |
| 18:03 | Construir | Farm |
| 18:03 | Construir | Farm |
| 18:04 | Construir | Farm |
| 18:04 | Construir | Farm |
| 18:04 | Construir | Farm |
| 18:04 | Construir | Farm |
| 18:05 | Construir | Farm |
| 18:10 | Construir | Donjon |
| 18:17 | Encolar | Serjeant |
| 18:17 | Encolar | Serjeant |
| 18:46 | Construir | Farm |
| 19:01 | Construir | Farm |
| 19:01 | Construir | Farm |
| 19:01 | Construir | Farm |
| 19:02 | Construir | Farm |
| 19:02 | Construir | Farm |
| 19:10 | Construir | House |
| 19:28 | Construir | Blacksmith |
| 19:37 | Construir | House |
| 19:48 | Encolar | Villager (Male) |
| 20:24 | Construir | Market |
| 20:26 | Encolar | Villager (Male) |
| 20:34 | Construir | House |
| 20:48 | Encolar | Serjeant |
| 20:49 | Encolar | Serjeant |
| 20:53 | Encolar | Serjeant |
| 21:14 | Construir | Donjon |
| 21:42 | Investigar | Castle Age |
| 21:43 | Investigar | Castle Age |
| 21:51 | Construir | House |
| 22:08 | Construir | Archery Range |
| 22:12 | Encolar | Serjeant |
| 22:12 | Encolar | Serjeant |
| 22:15 | Investigar | Scale Mail Armor |
| 22:15 | Investigar | Scale Mail Armor |
| 22:20 | Construir | House |
| 22:33 | Construir | House |
| 23:07 | Encolar | Serjeant |
| 23:13 | Construir | Barracks |
| 23:26 | Construir | Mill |
| 24:06 | Construir | Farm |
| 24:06 | Construir | Farm |
| 24:06 | Construir | Farm |
| 24:06 | Construir | Farm |
| 24:22 | Edad | Edad de los Castillos |
| 24:32 | Investigar | Squires |
| 24:33 | Investigar | Squires |
| 25:00 | Encolar | Serjeant |
| 25:00 | Encolar | Serjeant |
| 25:07 | Construir | Siege Workshop |
| 25:18 | Encolar | Villager (Male) |
| 25:41 | Construir | Town Center |
| 25:54 | Construir | Mining Camp |
| 26:09 | Encolar | Mangonel |
| 26:10 | Encolar | Mangonel |
| 26:17 | Encolar | Villager (Male) |
| 26:30 | Encolar | Villager (Male) |
| 26:36 | Encolar | Villager (Male) |
Cronología de la partida
| 9:15 | Leo Javier · first_building Donjon |
| 9:25 | Leo Javier · age_up feudal |
| 9:56 | executable · age_up feudal |
| 10:39 | executable · wall_segment Palisade Wall x1 |
| 10:44 | executable · wall_segment Palisade Wall x1 |
| 10:47 | executable · wall_segment Palisade Wall x1 |
| 12:54 | executable · first_building Siege Workshop |
| 14:48 | Leo Javier · wall_segment Stone Wall x4 |
| 15:38 | executable · first_building Barracks |
| 16:25 | executable · wall_segment Palisade Wall x7 |
| 16:52 | executable · first_building Archery Range |
| 17:52 | executable · wall_segment Palisade Wall x5 |
| 19:33 | executable · wall_segment Palisade Wall x5 |
| 22:08 | Leo Javier · first_building Archery Range |
| 23:13 | Leo Javier · first_building Barracks |
| 24:14 | executable · first_building Stable |
| 24:22 | Leo Javier · age_up castle |
| 25:07 | Leo Javier · first_building Siege Workshop |
| 26:06 | Leo Javier · first_market_sell 100 food |
| 28:01 | executable · age_up castle |
| 29:35 | Leo Javier · resign |
[ ANÁLISIS IA · 1 CRÉDITO ]
¿Qué pasó realmente en esta partida?
Wolo.gg analiza cada decisión: build order, eco, micro, errores típicos por bracket. Análisis personalizado por WhatsApp o Discord en 30 segundos.
Guía civ
Cumanos
Perfil
executable